 Dungeon Crawl Stone Soup version 0.24.0-2-g5b39cebb1c (webtiles) character file.

Game seed: 13844837445858378980, levelgen mode: deterministic

5112 DildoBatman the Dealer of Despair (level 10, -15/63 HPs)
             Began as a Formicid Wizard on Oct 31, 2019.
             Was an Elder of Kikubaaqudgha.
             Demolished by a white ugly thing (30 damage)
             ... on level 12 of the Dungeon.
             The game lasted 00:32:44 (8039 turns).

DildoBatman the Dealer of Despair (Formicid Wizard) Turns: 8039, Time: 00:32:45

Health: -15/63     AC: 12    Str: 18    XL:     10   Next: 88%
Magic:  5/17       EV: 12    Int: 21    God:    Kikubaaqudgha [****..]
Gold:   354        SH:  5    Dex: 14    Spells: 7/19 levels left

rFire    . . .     SeeInvis +   a - +6 spear (pain)
rCold    . . .     Gourm    .   D - +0 buckler (curse)
rNeg     . . .     Faith    .   O - +4 troll leather armour
rPois    .         Spirit   .   (helmet unavailable)
rElec    .         Reflect  .   j - +0 cloak
rCorr    .         Harm     .   q - +1 pair of gloves
MR       +....                  n - +0 pair of boots
Stlth    ++........             g - amulet of the acrobat
HPRegen  0.60/turn              I - +6 ring of strength
MPRegen  0.15/turn              o - +5 ring of dexterity

@: no status effects
A: permanent stasis, dig shafts and tunnels, four strong arms, antennae 3
a: Dig, Shaft Self, Receive Corpses, Renounce Religion


You were on level 12 of the Dungeon.
You worshipped Kikubaaqudgha.
Kikubaaqudgha was greatly pleased with you.
You were not hungry.

You visited 1 branch of the dungeon, and saw 10 of its levels.

You collected 474 gold pieces.
You spent 120 gold pieces at shops.

Inventory:

Hand Weapons
 a - a +6 spear of pain (weapon)
 b - a +0 hunting sling
 c - a +3 whip of electrocution
Missiles
 f - 30 poisoned darts
 l - 416 stones (quivered)
 m - 38 arrows
 y - 35 bolts
 C - 61 sling bullets
 Q - 5 boomerangs
Armour
 j - a +0 cloak (worn)
 n - a +0 pair of boots (worn)
 q - a +1 pair of gloves (worn)
 r - a scarf of resistance
 D - a cursed +0 buckler (worn)
 O - a +4 troll leather armour (worn)
 R - a +0 shield
Jewellery
 g - an amulet of the acrobat (around neck)
 i - an uncursed ring of poison resistance
 o - a +5 ring of dexterity (right hand)
 p - an uncursed ring of protection from magic
 I - a +6 ring of strength (left hand)
Wands
 e - a wand of flame (12)
Scrolls
 k - 2 scrolls of fear {unknown}
 s - 2 scrolls of enchant weapon {unknown}
 t - a scroll of fog {unknown}
 x - 6 scrolls of remove curse
 z - 6 scrolls of identify
 E - 2 scrolls of blinking {unknown}
 N - a scroll of noise {unknown}
 P - 2 scrolls of immolation {unknown}
Potions
 d - a potion of brilliance {unknown}
 h - a potion of heal wounds {unknown}
 u - a potion of cancellation {unknown}
 w - a potion of berserk rage {unknown}
 F - a potion of flight {unknown}
 G - a potion of agility {unknown}
 J - a potion of experience {unknown}
 K - a potion of magic
 L - a potion of might {unknown}
 M - a potion of lignification {unknown}
Comestibles
 v - 17 rations
 S - 12 chunks of flesh


   Skills:
 - Level 1.7 Dodging
 - Level 2.4 Stealth
 - Level 3.4 Shields
 * Level 5.2 Spellcasting
 - Level 6.2 Conjurations
 - Level 4.0 Charms
   Level 1.0 Summonings
 - Level 9.0 Necromancy
   Level 0.8 Translocations
 - Level 5.0 Fire Magic
 - Level 5.0 Air Magic


You had 7 spell levels left.
You knew the following spells:

 Your Spells              Type           Power        Failure   Level  Hunger
a - Conjure Flame         Conj/Fire      ####....     3%          3    ##.....
b - Sublimation of Blood  Necr           #####.....   1%          2    None
c - Magic Dart            Conj           ####         1%          1    None
d - Regeneration          Chrm/Necr      ####......   2%          3    ##.....
e - Mephitic Cloud        Conj/Pois/Air  ###.....     9%          3    ##.....

Your spell library contained the following spells:

 Spells                   Type           Power        Failure   Level  Hunger
 Animate Skeleton         Necr           N/A          1%          1    None
 Pain                     Necr           ####         1%          1    None
 Vampiric Draining        Necr           #####.....   1%          3    ##.....
 Animate Dead             Necr           N/A          3%          4    ####...
 Dispel Undead            Necr           #####...     9%          5    #####..
 Call Imp                 Summ           #.......     13%         2    None
 Bolt of Draining         Conj/Necr      #####.....   16%         5    #####..
 Slow                     Hex            #.......     19%         2    None
 Iskenderun's Battlesphe  Conj/Chrm      ####....     41%         5    #####..
 Death Channel            Necr           #####.....   43%         6    #######
 Borgnjor's Vile Clutch   Necr/Erth      ###.......   50%         5    #####..
 Bolt of Magma            Conj/Fire/Erth ###.......   58%         5    #####..
 Venom Bolt               Conj/Pois      ###.......   69%         5    #####..
 Cause Fear               Hex            #.........   77%         4    ####...
 Silence                  Hex/Air        ###.......   77%         5    #####..
 Deflect Missiles         Chrm/Air       ###.......   97%         6    #######
 Simulacrum               Ice/Necr       ###.......   97%         6    #######
 Yara's Violent Unravell  Hex/Tmut       #.........   98%         5    #####..
 Iron Shot                Conj/Erth      ###.......   99%         6    #######
 Orb of Destruction       Conj           ####......   100%        7    #######
 Spellforged Servitor     Conj/Summ      ###.......   100%        7    #######
 Discord                  Hex            #.........   100%        8    #######
 Blink                    Tloc           Unusable     N/A         2    N/A

Dungeon Overview and Level Annotations

Branches:
Dungeon (9/15)             Temple (0/1) D:7
   Lair: D:8-11         Orc: D:9-12

Altars:
Ashenzari
Dithmenos
Fedhas
Gozag
Hepliaklqana
Kikubaaqudgha
Nemelex Xobeh
Vehumet
Zin
The Shining One

Shops:
D:5 *   D:8 (

Annotations:
D:1 Terence
D:2 1 exclusion


Innate Abilities, Weirdness & Mutations

You cannot be hasted, slowed, berserked, paralysed or teleported.
You can dig through walls and to a lower floor.
Your four strong arms can wield two-handed weapons with a shield.
You have a pair of large antennae on your head. (SInv)


Message History

The white ugly thing tail-slaps you. The white ugly thing freezes you!!
You feel better.
The white ugly thing is engulfed in blazing flames.
You kill the white ugly thing!
Kikubaaqudgha accepts your kill.
Your Spellcasting skill increases to level 5!
Unknown command.
Unknown command.
Unknown command.
You feel better.
Your skin stops crawling.
The white ugly thing is engulfed in blazing flames.
The white ugly thing kicks you but does no damage.
You feel better.
The white ugly thing is engulfed in blazing flames.
The white ugly thing kicks you! The white ugly thing freezes you!!
You die...
Kikubaaqudgha rasps: "You have failed me!
Welcome... death!"

#.####.#
#.####.#
#......#
#......#
#......#
#......#
#......#
#..###u#
#..###@#
#......#
#......#
####......#
####.#.........#
#....#.........#
+..l.#.#.......#
#....#.........#
#...#........รท#


You could see a white ugly thing.

Vanquished Creatures
  Pikel (D:8)
  A deep elf mage (D:12)
  An ugly thing (D:12)
  A manticore (D:12)
  2 trolls
  Sigmund (D:4)
  Menkaure (D:4)
  4 orc warriors (D:8)
  4 slaves (D:8)
  A sky beast (D:6)
  4 ogres
  A phantom (D:4)
  3 ice beasts
  A centaur (D:6)
  A bullfrog (D:6)
  A wyvern zombie (D:7)
  A gnoll sergeant (D:8)
  2 scorpions
  4 wights (D:7)
  A crimson imp (D:5)
  A hound (D:5)
  A centaur zombie (D:5)
  2 jellies
  A bullfrog skeleton (D:8)
  5 orc priests
  4 orc wizards
  3 iguanas
  9 worker ants
  A hound skeleton (D:4)
  8 gnolls
  20 adders
  2 shadow imps (D:12)
  3 oozes
  A worm (D:2)
  2 dart slugs
  6 leopard geckos
  46 orcs
  8 bats
  8 giant cockroaches
  5 goblins
  10 hobgoblins
  7 jackals
  A quokka (D:4)
  3 ball pythons
  5 frilled lizards (D:2)
  10 kobolds
  3 leopard gecko skeletons
  A leopard gecko zombie (D:5)
  8 rats
220 creatures vanquished.

Notes
Turn   | Place    | Note
-------+----------+-------------------------------------------
     0 | D:1      | DildoBatman the Formicid Wizard began the quest for the
                  | Orb.
     0 | D:1      | Reached XP level 1. HP: 13/13 MP: 4/4
     6 | D:1      | Reached skill level 1 in Conjurations
   372 | D:1      | Reached XP level 2. HP: 19/19 MP: 3/6
  1030 | D:2      | Reached XP level 3. HP: 24/24 MP: 5/7
  1035 | D:2      | Learned a level 3 spell: Conjure Flame
  1039 | D:2      | Learned a level 3 spell: Mephitic Cloud
  1092 | D:2      | Noticed Terence
  1548 | D:2      | Found an ancient bone altar of Kikubaaqudgha.
  1548 | D:2      | Found a glowing silver altar of Zin.
  1548 | D:2      | Found a shadowy altar of Dithmenos.
  1607 | D:2      | Became a worshipper of Kikubaaqudgha
  1657 | D:2      | Reached XP level 4. HP: 16/30 MP: 5/8
  1862 | D:2      | Reached XP level 5. HP: 17/35 MP: 0/9
  2397 | D:2      | Found a glowing golden altar of the Shining One.
  2475 | D:3      | Reached * piety under Kikubaaqudgha
  2475 | D:3      | Identified Kikubaaqudgha's Compendium of Sinister Rituals
                  | (Kikubaaqudgha gifted it to you on level 3 of the Dungeon)
  2475 | D:3      | Received a gift from Kikubaaqudgha
  2480 | D:3      | Learned a level 2 spell: Sublimation of Blood
  2645 | D:3      | Reached XP level 6. HP: 18/41 MP: 1/10
  2702 | D:3      | Reached skill level 5 in Conjurations
  2821 | D:3      | Found a faded altar of an unknown god.
  3145 | D:4      | Reached ** piety under Kikubaaqudgha
  3227 | D:4      | Noticed an ogre
  3247 | D:4      | Killed an ogre
  3247 | D:4      | Reached XP level 7. HP: 25/46 MP: 4/11
  3264 | D:4      | Learned a level 3 spell: Regeneration
  3320 | D:4      | Reached skill level 1 in Fire Magic
  3320 | D:4      | Reached skill level 1 in Air Magic
  3326 | D:4      | Noticed Sigmund
  3401 | D:4      | Killed Sigmund
  3545 | D:4      | Found a sparkling altar of Nemelex Xobeh.
  3545 | D:4      | Found a shattered altar of Ashenzari.
  3702 | D:4      | Reached XP level 8. HP: 51/52 MP: 0/12
  4236 | D:5      | Entered Level 5 of the Dungeon
  4296 | D:5      | Noticed a troll
  4316 | D:5      | Noticed Menkaure
  4337 | D:4      | Killed Menkaure
  4337 | D:4      | Reached skill level 1 in Charms
  4389 | D:5      | Reached skill level 1 in Necromancy
  4423 | D:5      | Found Bacomm's Assorted Antiques.
  4428 | D:5      | Bought a scroll labeled OPTIS SE ISKAU for 32 gold pieces
  4428 | D:5      | Bought a smoky puce potion for 28 gold pieces
  4428 | D:5      | Bought a scroll labeled JANNUM HESS for 32 gold pieces
  4428 | D:5      | Bought a white potion for 28 gold pieces
  4819 | D:5      | Killed a troll
  4819 | D:5      | Reached skill level 2 in Necromancy
  4913 | D:5      | Reached XP level 9. HP: 53/57 MP: 13/13
  5030 | D:6      | Reached *** piety under Kikubaaqudgha
  5030 | D:6      | Identified Kikubaaqudgha's Tome of Black Magic
                  | (Kikubaaqudgha gifted it to you on level 6 of the Dungeon)
  5030 | D:6      | Received a gift from Kikubaaqudgha
  5131 | D:6      | Found a blossoming altar of Fedhas.
  5347 | D:6      | Reached skill level 5 in Fire Magic
  5467 | D:6      | Reached skill level 3 in Necromancy
  5812 | D:7      | Found an opulent altar of Gozag.
  6162 | D:7      | Found a staircase to the Ecumenical Temple.
  6597 | D:7      | Reached skill level 4 in Necromancy
  6783 | D:8      | Found a hazy altar of Hepliaklqana.
  6807 | D:8      | Reached skill level 5 in Air Magic
  6872 | D:8      | Reached skill level 5 in Necromancy
  6935 | D:8      | Noticed Pikel
  6949 | D:8      | Killed Pikel
  6949 | D:8      | Reached skill level 6 in Necromancy
  6949 | D:8      | Reached XP level 10. HP: 58/63 MP: 5/14
  7205 | D:8      | Reached **** piety under Kikubaaqudgha
  7210 | D:8      | Found Gehoj Ureg's Weapon Shoppe.
  7243 | D:8      | Reached skill level 7 in Necromancy
  7385 | D:8      | Reached skill level 8 in Necromancy
  7686 | D:8      | Found a radiant altar of Vehumet.
  7745 | D:9      | You fall into a shaft and drop 3 floors!
  7760 | D:12     | Reached skill level 1 in Shields
  7906 | D:12     | Noticed a deep elf mage
  7919 | D:12     | Killed a deep elf mage
  7941 | D:12     | Noticed a manticore
  7961 | D:12     | Reached skill level 9 in Necromancy
  7995 | D:12     | Killed a manticore
  8021 | D:12     | Noticed a white ugly thing
  8022 | D:12     | Noticed a green ugly thing
  8036 | D:12     | HP: 2/63 [white ugly thing (27)]
  8037 | D:12     | Killed a white ugly thing
  8037 | D:12     | Reached skill level 5 in Spellcasting
  8039 | D:12     | Demolished by a white ugly thing

Levels and vault maps discovered:
D:1:      minmay_arrival_four_loops, layout_basic,
          chequers_serial_rivers_small_3
D:2:      layout_loops_corners, chequers_temple_overflow_statue_of_worship,
          nicolae_tso_swordbearing_angel, first_ration, uniq_terence
D:3:      layout_rooms, chequers_ecumenical_altar_simple
D:4:      layout_basic, nemelex_xobeh_ov_fountains_minmay, lemuel_crystal_altar,
          sigmund_army, uniq_sigmund
D:5:      layout_loops_cross, serial_shops,
          nicolae_shop_competitors_out_of_business, uniq_menkaure
D:6:      layout_basic, fedhas_altar_2
D:7:      layout_basic, minmay_temple_entry_from_below_a, basic_altar
D:8:      layout_basic, vehumet_altar_wand_db, nicolae_overflow_hidden_temple,
          special_room [special_room_orc], serial_shops, kennysheep_mini,
          uniq_pikel
D:9:      layout_rooms
D:12:     layout_stronghold, orc_0_dummy

Skill      XL: |  1  2  3  4  5  6  7  8  9 10 |
---------------+-------------------------------+-----
Conjurations   | 1 2 3 4 6 |  6.2
Fire Magic     | 3 4 5 |  5.0
Air Magic      | 2 3 5 |  5.0
Charms         | 2 4 |  4.0
Necromancy     | 2 6 9 |  9.0
Shields        | 3 |  3.4
Spellcasting   | 5 |  5.2
Dodging        | |  1.7
Stealth        | |  2.4
Summonings     | |  1.0
Translocations | |  0.8

Action                   |  1- 3 |  4- 6 |  7- 9 | 10-12 || total
-------------------------+-------+-------+-------+-------++-------
Melee: Mace              |    31 |    18 |       |       ||    49
       Spear             |       |    21 |    95 |   155 ||   271
       Whip              |       |   107 |   186 |       ||   293
 Cast: Magic Dart        |    45 |    33 |    32 |       ||   110
       Mephitic Cloud    |     1 |    15 |    19 |     9 ||    44
       Conjure Flame     |       |     4 |    18 |    10 ||    32
       Regeneration      |       |       |     9 |     2 ||    11
 Abil: Dig               |     1 |     4 |    13 |     4 ||    22
  Use: Potion            |     3 |       |     2 |     5 ||    10
       Scroll            |       |     1 |     6 |     4 ||    11
 Stab: Confused          |       |     2 |     3 |     9 ||    14
       Sleeping          |       |       |     5 |       ||     5
  Eat: Chunk             |     2 |     8 |    17 |     7 ||    34
Armor: Robe              |    12 |    56 |    39 |    12 ||   119
       Troll leather arm |       |       |       |     2 ||     2
Dodge: Dodged            |    35 |   140 |   110 |    31 ||   316
Block: Buckler           |       |       |       |     4 ||     4
